Map: Blackburn LE

Players

ViBE - Winner!

  • Race: Terran Terran
  • League: Diamond

PherisWiel

  • Race: Terran Terran
  • League: Diamond

VOD

Have the link to the VOD?

Description

Time

  • Played on: April 23, 2021, 8:43 p.m.
  • Length: 13:32
Show
View Real Time Build Order
Export as new Build Order

ViBE Terran - Winner!

Build Orders:  

Get SALT Encoding   

  12  0:00  SCV  
  13  0:12  SCV  
  14  0:18  Supply Depot  
  14  0:24  SCV  
  15  0:36  Refinery  
  15  0:39  SCV  
  16  0:44  Barracks  
  16  0:51  SCV  
  17  1:03  SCV  
  18  1:14  Refinery  
  18  1:16  SCV  
  19  1:28  SCV  
  19  1:31  Reaper  
  21  1:34  Supply Depot  
  21  1:40  Orbital Command  
  21  1:50  Factory  
  21  2:03  Reaper  
  21  2:07  SCV  
  23  2:20  Command Center  
  23  2:30  SCV  
  23  2:35  Hellion  
  23  2:36  Reaper  
  26  2:52  Starport  
  26  2:55  SCV  
  27  3:00  Hellion  
  27  3:02  Supply Depot  
  28  3:14  Barracks Reactor  
  28  3:20  SCV  
  29  3:27  Factory Tech Lab  
  29  3:29  Starport Tech Lab  
  29  3:33  SCV  
  30  3:34  Orbital Command  
  30  3:47  Cyclone, Barracks  
  33  3:48  SCV  
  33  3:51  Orbital Command  
  33  3:52  Marine x2  
  36  4:00  SCV  
  37  4:10  Supply Depot  
  37  4:12  Marine, SCV  
  37  4:13  Marine  
  40  4:18  SCV  
  40  4:20  Raven  
  43  4:25  SCV  
  43  4:30  Marine, SCV  
  43  4:31  Marine  
  45  4:37  SCV  
  46  4:40  Supply Depot  
  46  4:42  Marine, SCV  
  48  4:46  Siege Tank  
  48  4:48  Marine  
  48  4:49  SCV  
  53  4:52  Marine  
  53  4:54  SCV  
  55  5:01  SCV  
  55  5:06  Marine, SCV  
  58  5:10  Marine  
  58  5:12  Stimpack  
  58  5:13  SCV  
  60  5:18  SCV  
  60  5:19  Starport Reactor  
  60  5:23  Marine  
  60  5:24  Marine  
  60  5:25  SCV  
  63  5:30  SCV  
  63  5:32  Command Center  
  63  5:33  Refinery x2  
  64  5:37  SCV  
  64  5:39  Engineering Bay  
  64  5:40  Engineering Bay  
  66  5:42  SCV  
  66  5:46  Supply Depot  
  66  5:47  Marine  
  66  5:49  Marine x2, SCV  
  70  5:55  SCV  
  69  5:59  Siege Tank  
  69  6:01  SCV  
  65  6:07  SCV  
  57  6:15  SCV  
  53  6:19  SCV  
  54  6:27  SCV  
  54  6:32  Marine x3, SCV  
  57  6:37  Siege Tank  
  57  6:39  SCV  
  63  6:44  SCV  
  64  6:47  Supply Depot  
  64  6:50  Marine x3  
  64  6:51  Orbital Command, SCV  
  68  6:55  Terran Infantry Weapons Level 1  
  68  6:56  SCV  
  68  6:58  Terran Infantry Armor Level 1  
  69  7:02  Medivac  
  69  7:03  SCV  
  69  7:08  Medivac, SCV  
  73  7:09  Marine  
  73  7:14  Marine x2  
  78  7:16  Orbital Command, SCV  
  78  7:20  SCV  
  80  7:27  Marine  
  80  7:28  Supply Depot, SCV  
  80  7:29  Supply Depot  
  82  7:32  Marine x2, SCV, Siege Tank  
  88  7:40  SCV  
  88  7:41  Armory  
  88  7:42  SCV  
  90  7:44  SCV  
  91  7:52  SCV  
  91  7:54  SCV  
  91  7:56  SCV  
  94  8:01  Combat Shield  
  94  8:02  Marine x3  
  94  8:04  Medivac x2, SCV  
  102  8:06  SCV  
  102  8:08  SCV  
  102  8:11  Barracks x2  
  104  8:14  Barracks  
  104  8:16  SCV  
  104  8:18  SCV  
  106  8:20  SCV  
  107  8:28  SCV  
  107  8:30  SCV  
  107  8:33  SCV  
  110  8:35  Supply Depot  
  110  8:38  Marine x3  
  110  8:39  Supply Depot x2  
  110  8:40  SCV  
  114  8:45  Siege Tank  
  117  8:52  Supply Depot x3  
  117  8:56  Marine, SCV x3, Viking x2  
  117  8:57  Refinery  
  117  8:59  Refinery  
  125  9:05  Terran Infantry Weapons Level 2, Terran Infantry Armor Level 2  
  125  9:06  Terran Vehicle Weapons Level 1  
  89  9:39  Marine x6  
  89  9:40  Siege Tank  
  95  9:53  SCV  
  95  9:54  SCV x2  
  95  9:56  Marine  
  95  9:57  Marine  
  95  9:59  Command Center  
  104  10:00  Barracks Tech Lab  
  104  10:02  Barracks Reactor  
  104  10:03  Barracks Reactor x2  
  104  10:06  SCV x2  
  102  10:07  SCV  
  101  10:18  SCV x2  
  102  10:24  SCV  
  102  10:26  Marine x3  
  102  10:27  Siege Tank  
  110  10:29  Viking x2  
  110  10:30  SCV x2  
  112  10:38  SCV  
  112  10:42  SCV x2  
  115  10:44  Marine x3  
  115  10:46  Marine x6  
  124  10:50  SCV  
  125  10:59  Siege Tank  
  125  11:01  Marine  
  125  11:02  Marine x2  
  125  11:03  Marine  
  125  11:04  Marine x3  
  132  11:05  Marine x2  
  137  11:13  SCV x3  
  140  11:19  Marine x3  
  140  11:21  Marine x3  
  140  11:22  Marine x2, Viking  
  140  11:23  Marine, Viking  
  140  11:25  SCV  
  154  11:31  Siege Tank  
  157  11:34  Planetary Fortress  
  157  11:37  Marine x2  
  159  11:40  SCV x2  
  161  12:01  Medivac  
  161  12:02  Marine x9, Medivac  
  174  12:09  Supply Depot x2  
  174  12:11  Supply Depot  
  174  12:20  Marine x5  
  177  12:42  Marine  
  177  12:43  Marine x8  
  186  12:44  Siege Tank  
  186  12:45  Viking x2  
  186  12:47  SCV x4  
  197  12:56  Command Center  
  197  12:59  SCV x3  
Show
View Real Time Build Order
Export as new Build Order

PherisWiel Terran 

Build Orders:  

Get SALT Encoding   

  12  0:00  SCV  
  13  0:12  SCV  
  14  0:19  Supply Depot  
  14  0:25  SCV  
  15  0:37  Refinery  
  15  0:41  SCV  
  16  0:52  Barracks  
  16  0:55  SCV  
  17  1:09  Barracks  
  17  1:13  SCV  
  18  1:22  Refinery  
  18  1:25  SCV  
  20  1:40  Reaper  
  20  1:43  Supply Depot  
  20  1:53  Orbital Command  
  20  1:59  Reaper  
  21  2:13  Reaper  
  22  2:21  Factory  
  23  2:22  SCV  
  23  2:31  Reaper  
  23  2:36  SCV  
  24  2:48  SCV  
  25  2:51  Reaper  
  25  3:02  Barracks  
  25  3:04  Reaper  
  25  3:05  Barracks  
  24  3:23  Factory Tech Lab  
  24  3:25  SCV  
  24  3:26  Reaper  
  26  3:29  Starport  
  26  3:37  SCV  
  26  3:40  Reaper  
  28  3:49  Supply Depot, Reaper  
  28  3:50  Supply Depot  
  29  3:57  Reaper  
  29  4:01  Reaper  
  31  4:10  SCV  
  31  4:14  Reaper  
  33  4:21  Reaper  
  32  4:29  Reaper  
  33  4:38  Marine  
  34  4:43  Liberator  
  37  4:46  Marine  
  37  4:48  Command Center  
  38  4:53  Marine  
  38  4:57  Marine  
  38  4:59  SCV  
  41  5:00  Marine  
  42  5:08  Marine  
  42  5:11  SCV  
  44  5:24  Marine x3  
  44  5:25  Marine  
  47  5:42  Supply Depot  
  47  5:43  Supply Depot  
  47  5:58  Marine  
  47  5:59  Marine  
  47  6:00  SCV  
  46  6:12  SCV  
  32  6:18  Orbital Command  
  32  6:24  Marine, SCV  
  32  6:25  Marine x3  
  36  6:31  Factory Tech Lab  
  36  6:33  Barracks  
  36  6:35  Orbital Command, Barracks  
  36  6:36  SCV  
  37  6:42  Starport Reactor  
  37  6:54  Marine x3  
  37  6:55  Marine  
  37  6:57  Siege Tank  
  37  7:01  SCV  
  45  7:03  SCV  
  46  7:13  SCV  
  47  7:19  Medivac x2  
  51  7:26  Barracks Tech Lab  
  51  7:27  SCV x2  
  51  7:28  Marine x4  
  57  7:38  Stimpack  
  57  7:39  SCV  
  57  7:40  SCV  
  57  7:43  Combat Shield  
  59  7:46  Marine, Siege Tank  
  59  7:47  Marine x4  
  67  7:52  Medivac x2  
  67  7:53  Marine  
  72  8:05  Marine x2  
  72  8:06  Marine x2  
  76  8:23  Command Center, SCV x2  
  77  8:30  Marine  
  78  8:40  Engineering Bay x2  
  78  8:44  Supply Depot x2  
  78  8:45  Supply Depot  
  78  8:56  SCV  
  78  8:57  Marine  
  78  9:05  Marine x5, Medivac  
  85  9:14  Marine  
  85  9:28  Siege Tank  
  30  10:16  Terran Infantry Weapons Level 1, Terran Infantry Armor Level 1  
  23  10:24  Marine x5  
Tags
 
Matchup
TvT
Player
ViBE
Race
Terran
Add a new tag
Caveats
  • Supply blocks, unpowered buildings, or Contaminate may cause inaccurate times.
  • Supply counts are checked every 10 seconds.